[Event "Early-Titled-Tuesday-Blitz-April-16-2024"]
[Site "Chess.com"]
[Date "2024.04.16"]
[Round "7"]
[White "SharapovEvgeny"]
[Black "DanyKopy"]
[Result "1-0"]
[WhiteElo "2660"]
[BlackElo "2535"]
[TimeControl "180+1"]
[EndTime "9:20:40 PDT"]
[Termination "SharapovEvgeny won by checkmate"]

1. e4 c5 2. Nf3 Nc6 3. d4 cxd4 4.
Nxd4 e5 5. Nb5 d6 6. N1c3 a6 7. Na3 Be6 8. Nc4 Rb8 9. Ne3 Nf6 10. g3 g6 11. Bg2 h5 12. h4 Bh6 13. O-O O-O 14.
Ncd5 Bxd5 15. Nxd5 Bxc1 16. Nxf6+ Qxf6 17. Rxc1 Rfd8 18. c3 b5 19. Qe2 a5 20. f4 exf4 21. Rxf4 Qe7 22. g4 Qxh4 23. Rcf1 Ne5 24. gxh5 Qxh5 25. Qe3 b4 26. cxb4 axb4 27. Qg3 Rbc8 28. Rh4 Qe2 29.
Qh3 Kf8 30. Rh8+ Ke7 31. Qh4+ Kd7 32. Bh3+ f5 33. Rh7+ Kc6 34. exf5 gxf5 35. Bg2+ Kb5 36. Rb7+ Ka6 37. Rxb4 Rg8 38. Ra4+ Kb6 39. Qd4+ Kb5 40. Qb4# 1-0

[Event "Early-Titled-Tuesday-Blitz-April-16-2024"]
[Site "Chess.com"]
[Date "2024.04.16"]
[Round "7"]
[White "scarabee43"]
[Black "HajiyevKanan"]
[Result "1/2-1/2"]
[WhiteElo "2825"]
[BlackElo "2632"]
[TimeControl "180+1"]
[EndTime "9:20:42 PDT"]
[Termination "Game drawn by repetition"]

1. Nf3 d5 2. e3 Nf6 3. b3 c5 4. Bb2 Nc6 5. c4 e6 6. cxd5 Nxd5 7.
Be2 Be7 8. O-O O-O 9. Nc3 Bf6 10. Qc1 b6 11. Ne4 Bxb2 12. Qxb2 Bb7 13. Rac1 Qe7 14. Rfd1 Rfd8 15. d4 cxd4 16. Nxd4 Nxd4 17. Rxd4 Nf6 18. Rxd8+ Rxd8 19. Nxf6+ Qxf6 20. Qxf6 gxf6 21. Rc7 Rd2 22. Bh5 Rxa2 23. h4 Bd5 24. Bxf7+ Kf8 25. b4 a5 26. bxa5 bxa5 27. Bh5 h6 28. Rf7+ Kg8 29.
Rxf6 a4 30. Bf3 Bb3 31. Rg6+ Kh7 32. Be4 Ra1+ 33. Kh2 a3 34. Rxe6+ Kg7 35. Rg6+ Kf8 36. Rb6 Bf7 37. Bg6 a2 38. Bxf7 Rh1+ 39. Kxh1 a1=Q+ 40. Kh2 Kxf7 41. Rxh6 Qe5+ 42. Kg1 Qa1+ 43. Kh2 Qe5+ 44.
Kg1 Qa1+ 45. Kh2 1/2-1/2

[Event "Early-Titled-Tuesday-Blitz-April-16-2024"]
[Site "Chess.com"]
[Date "2024.04.16"]
[Round "7"]
[White "Boundless_Strike"]
[Black "Slovineanu"]
[Result "1-0"]
[WhiteElo "2642"]
[BlackElo "2501"]
[TimeControl "180+1"]
[EndTime "9:20:42 PDT"]
[Termination "Boundless_Strike won by checkmate"]

1. d4 Nf6 2. f3 d5 3. e4 dxe4 4. Nc3 e5 5. dxe5 Qxd1+ 6. Kxd1 Nfd7 7. Nd5 Kd8 8. Bg5+ f6 9. exf6 gxf6 10. Nxf6 Be7 11.
Nxe4 Nc6 12. Bxe7+ Kxe7 13. Kd2 Nde5 14. Re1 Rd8+ 15. Kc1 Kf8 16. f4 Ng4 17. h3 Nh6 18. g4 Be6 19. Nf3 a5 20. a3 Nf7 21. Bd3 Bd5 22.
Rhf1 a4 23. Nf6 Kg7 24. g5 h6 25. Nh5+ Kf8 26. g6 Nd6 27. g7+ Kf7 28. Ne5+ Kg8 29. Nf6+ Kxg7 30. Nxd5 Nd4 31. Rg1+ Kh8 32. c3 N4f5 33.
Bxf5 Nxf5 34. Nf7+ Kh7 35. Nf6# 1-0

[Event "Early-Titled-Tuesday-Blitz-April-16-2024"]
[Site "Chess.com"]
[Date "2024.04.16"]
[Round "7"]
[White "pfalcon1949"]
[Black "Massakru"]
[Result "0-1"]
[WhiteElo "1931"]
[BlackElo "2359"]
[TimeControl "180+1"]
[EndTime "9:20:42 PDT"]
[Termination "Massakru won on time"]

1. e4 e5 2. Nf3 Nc6 3. Nc3 Nf6 4. Nxe5 Nxe5 5. d4 Ng6 6. e5 Ng8 7. Bc4 c6 8. Qf3 Qe7 9. h4 d5 10. h5 Nxe5 11. dxe5 dxc4 12. O-O Nh6 13. Bxh6 gxh6 14. Ne4 Bg7 15. Nf6+ Kf8 16. Rad1 Be6 17. Rfe1 Rd8 18. c3 Rd3 19. Rxd3 cxd3 20. Qxd3 Bxf6 21. exf6 Qxf6 22.
Qd6+ Kg7 23. Re3 Rd8 24. Rg3+ Kh8 25. Qb4 a5 26. Qa4 b5 27. Qc2 Bf5 28. Qe2 Qe6 29. Re3 Qd6 30. Re8+ Rxe8 31. Qxe8+ Kg7 32. g3 Qd1+ 33. Kg2 Qd5+ 34. Kg1 Bh3 35. f3 Qxf3 36. Qe5+ Qf6 37. Qe3 Qf1+ 0-1

[Event "Early-Titled-Tuesday-Blitz-April-16-2024"]
[Site "Chess.com"]
[Date "2024.04.16"]
[Round "7"]
[White "Aradhya2000"]
[Black "PLAYER_2006_M"]
[Result "1-0"]
[WhiteElo "2791"]
[BlackElo "2968"]
[TimeControl "180+1"]
[EndTime "9:20:43 PDT"]
[Termination "Aradhya2000 won by resignation"]

1. d4 e6 2. c4 b6 3. e4 Bb4+ 4. Bd2 Bxd2+ 5. Qxd2 d5 6. cxd5 exd5 7. exd5 Ne7 8.
Bb5+ Bd7 9. Bc4 O-O 10. Nc3 Bc8 11. Nf3 Bb7 12. O-O Nxd5 13. Ne5 Nxc3 14. bxc3 Nd7 15. Rfe1 Nxe5 16. Rxe5 Qd7 17. Rae1 Rae8 18. Qf4 Rxe5 19.
Rxe5 h6 20. h4 Qd6 21. Qe3 Qg6 22. f3 Qf6 23. h5 Bc8 24. g4 Qd6 25. Kg2 Bd7 26.
Bb3 c6 27. c4 c5 28. dxc5 bxc5 29. Rd5 Qc7 30. Qxc5 Qb7 31. Qe7 Bc6 32. Qxb7 Bxb7 33. Rd7 Rb8 34. c5 Bc6 35. Rxa7 Be8 36. Rc7 Kf8 37.
Kg3 Ra8 38. c6 Ra6 39. Rc8 Rxc6 40. Rxe8+ Kxe8 41. Ba4 Kd7 42. Kf4 Kd6 43. Bxc6 Kxc6 44. Ke5 Kd7 45. f4 g6 46. Kf6 gxh5 47. gxh5 Ke8 48.
a4 1-0

[Event "Early-Titled-Tuesday-Blitz-April-16-2024"]
[Site "Chess.com"]
[Date "2024.04.16"]
[Round "7"]
[White "Abund"]
[Black "vladgoncharov"]
[Result "1-0"]
[WhiteElo "2814"]
[BlackElo "2610"]
[TimeControl "180+1"]
[EndTime "9:20:46 PDT"]
[Termination "Abund won on time"]

1. e4 e6 2. d4 d5 3. exd5 exd5 4. Nf3 Nc6 5. h3 Bf5 6. Bf4 Bd6 7. Ne5 Nge7 8. Be2 O-O 9. O-O f6 10. Nxc6 Nxc6 11.
Bxd6 Qxd6 12. c3 Bxb1 13. Qxb1 g6 14. Re1 Rae8 15. Qd3 Ne7 16. Qb5 Rb8 17. Bg4 f5 18. Bf3 c6 19. Qa4 a6 20. Re5 Kf7 21. Rae1 Ng8 22. c4 dxc4 23. Qxc4+ Kg7 24. d5 cxd5 25. Rxd5 Qf6 26. Qc7+ Kh8 27. Rd7 Qh4 28. Bxb7 Nf6 29.
Qc3 f4 30. Ree7 Qh5 31. Rf7 Rxf7 32. Rxf7 Qd1+ 33. Kh2 1-0

[Event "Early-Titled-Tuesday-Blitz-April-16-2024"]
[Site "Chess.com"]
[Date "2024.04.16"]
[Round "7"]
[White "NikitaShnadrygin"]
[Black "Payyappat"]
[Result "1-0"]
[WhiteElo "2744"]
[BlackElo "2541"]
[TimeControl "180+1"]
[EndTime "9:20:46 PDT"]
[Termination "NikitaShnadrygin won by checkmate"]

1. e4 c6 2. d4 d5 3. f3 Qb6 4.
Nc3 dxe4 5. fxe4 e5 6. Nf3 exd4 7.
Qxd4 Nf6 8. e5 Bc5 9. Qd2 Ng4 10. Ne4 O-O 11. Bd3 Be3 12. Qe2 Bxc1 13. Rxc1 Qxb2 14. O-O Qb6+ 15. Kh1 Bf5 16. Nf6+ Nxf6 17. Bxf5 Nd5 18. Bxh7+ Kxh7 19. Ng5+ Kh6 20. Qg4 f5 21.
Qh4+ Kg6 22. Qh7+ Kxg5 23. Qxg7+ Kh5 24. Rf3 Nf4 25. Rxf4 Qe3 26. Rcf1 Nd7 27. Rxf5+ Rxf5 28. Rxf5+ Kh4 29. Qh7+ Kg4 30. Qh5# 1-0

[Event "Early-Titled-Tuesday-Blitz-April-16-2024"]
[Site "Chess.com"]
[Date "2024.04.16"]
[Round "7"]
[White "djano"]
[Black "GMSrinath"]
[Result "0-1"]
[WhiteElo "2603"]
[BlackElo "2815"]
[TimeControl "180+1"]
[EndTime "9:20:47 PDT"]
[Termination "GMSrinath won by checkmate"]

1. e4 c5 2. c3 Nf6 3. e5 Nd5 4. Nf3 d6 5. Bb5+ Bd7 6. Bc4 e6 7. d4 cxd4 8. cxd4 Bc6 9. O-O Nd7 10. Re1 dxe5 11. dxe5 Be7 12. Nbd2 O-O 13. Ne4 N7b6 14. Bd3 Nb4 15. Nd6 Nxd3 16. Qxd3 Nd7 17. Bf4 Qa5 18. Nxb7 Qb4 19. Bg5 Bxb7 20. Qxd7 Bxg5 21. Nxg5 Bd5 22. h3 Qf4 23. Nf3 Rfd8 24. Qe7 Bxf3 25. gxf3 Rd2 26. Rad1 h6 27. Rxd2 Qxd2 28. Re4 Rc8 29. Qh4 Qd1+ 30. Kg2 Rc1 31. f4 Qh1+ 32. Kg3 Rg1# 0-1

[Event "Early-Titled-Tuesday-Blitz-April-16-2024"]
[Site "Chess.com"]
[Date "2024.04.16"]
[Round "7"]
[White "alexrustemov"]
[Black "AsselLesbekova"]
[Result "1-0"]
[WhiteElo "2849"]
[BlackElo "2434"]
[TimeControl "180+1"]
[EndTime "9:20:48 PDT"]
[Termination "alexrustemov won by resignation"]

1. d4 d5 2. c4 e6 3. Nc3 a6 4. cxd5 exd5 5. Nf3 c6 6. Bf4 Bd6 7. Bxd6 Qxd6 8. Qb3 Ne7 9. e3 O-O 10. Bd3 b5 11.
O-O Bf5 12. Bxf5 Nxf5 13. Rfc1 Nd7 14. Ne2 Ne7 15. Nf4 h6 16. Nd3 Rfc8 17. Nc5 Nb6 18. Qd3 Qg6 19. Qxg6 Nxg6 20. b3 a5 21. a4 Rc7 22.
Rc2 Kf8 23. h4 h5 24. axb5 cxb5 25. Ne6+ fxe6 26. Rxc7 a4 27. bxa4 bxa4 28. Rc6 Nc4 29. Rxe6 Ne7 30. Ne5 Nd2 31. Ra2 Ne4 32. Rb6 Nc8 33.
Rb4 Nc3 34. Ra3 Ne4 35. Rbxa4 Rxa4 36. Rxa4 Ke7 37. Ng6+ Kf6 38. Nf4 Ne7 39. Nxh5+ Kg6 40. Nf4+ Kf5 41. Ra5 Nc3 42. f3 g5 43. hxg5 Kxg5 44. Kf2 Nd1+ 45. Ke2 Nc3+ 46. Kd2 1-0

[Event "Early-Titled-Tuesday-Blitz-April-16-2024"]
[Site "Chess.com"]
[Date "2024.04.16"]
[Round "7"]
[White "BashiqChess"]
[Black "MikhailBLR"]
[Result "0-1"]
[WhiteElo "2452"]
[BlackElo "2331"]
[TimeControl "180+1"]
[EndTime "9:20:48 PDT"]
[Termination "MikhailBLR won by resignation"]

1. Nf3 Nf6 2. b3 d5 3. Bb2 Bg4 4. g3 Bxf3 5. exf3 e6 6. Bg2 Be7 7. O-O O-O 8. f4 c5 9. d3 Nc6 10. Nd2 b5 11. Nf3 a5 12. Ne5 Qb6 13. Nxc6 Qxc6 14. c4 Rab8 15. Rc1 Qd7 16. Bxf6 gxf6 17. Qg4+ Kh8 18. cxd5 f5 19. Qf3 Rfd8 20. dxe6 Qxd3 21. exf7 Qxf3 22. Bxf3 Kg7 23. Rfd1 Kxf7 24. Be2 Rxd1+ 25. Rxd1 a4 26. Rd5 Ke6 27. Re5+ Kf6 28. Bd3 Bd6 29.
Rxf5+ Ke6 30. Rh5 Rb7 31. Rxh7 Rxh7 32. Bxh7 Kd5 33. Bc2 a3 34. Kf1 Kd4 35. h4 Kc3 36. h5 Kxc2 37. g4 Bxf4 0-1

[Event "Early-Titled-Tuesday-Blitz-April-16-2024"]
[Site "Chess.com"]
[Date "2024.04.16"]
[Round "7"]
[White "UmarovSabir"]
[Black "lluiss"]
[Result "0-1"]
[WhiteElo "2273"]
[BlackElo "2099"]
[TimeControl "180+1"]
[EndTime "9:20:48 PDT"]
[Termination "lluiss won on time"]

1. e4 c5 2. Nf3 d6 3. d4 cxd4 4. Nxd4 Nf6 5. Nc3 g6 6. Be2 Bg7 7. O-O O-O 8. Be3 Nc6 9. f3 d5 10. Nxc6 bxc6 11. exd5 Nxd5 12. Nxd5 cxd5 13. c3 Rb8 14. Qc1 a5 15. Rd1 e5 16. Ba7 Rb7 17. Bc5 Re8 18. b4 Be6 19. Ba6 Rb8 20. Qe3 Qc7 21. a4 d4 22. cxd4 exd4 23. Bxd4 Bc4 24. Qc3 Bxd4+ 25. Rxd4 Qb6 26. Bxc4 axb4 27. Qd3 b3 28. Kh1 b2 29. Rb1 Red8 0-1

[Event "Early-Titled-Tuesday-Blitz-April-16-2024"]
[Site "Chess.com"]
[Date "2024.04.16"]
[Round "7"]
[White "gurelediz"]
[Black "Nimrod_Veinberg"]
[Result "1-0"]
[WhiteElo "2949"]
[BlackElo "2708"]
[TimeControl "180+1"]
[EndTime "9:20:49 PDT"]
[Termination "gurelediz won by resignation"]

1. e4 e5 2. Nf3 Nc6 3. Bb5 a6 4. Bxc6 dxc6 5. Nc3 f6 6. d4 exd4 7. Nxd4 c5 8. Nde2 Qxd1+ 9. Nxd1 Be6 10. Nf4 Bf7 11. Nc3 O-O-O 12. Be3 b6 13. O-O Ne7 14. Rad1 Rxd1 15. Rxd1 Nc6 16. Nfd5 Kb7 17. Bf4 Bd6 18. Bxd6 cxd6 19. Ne3 Nd4 20. Rd2 Re8 21. f3 b5 22. Kf2 Kc6 23. Ncd5 Bxd5 24. exd5+ Kd7 25. c3 Rxe3 26. Kxe3 Nf5+ 27. Kf2 Ne7 28. b3 Ng6 29. g3 Ne5 30. f4 Ng4+ 31. Kf3 f5 32. h3 Nf6 33. c4 b4 34. Re2 h5 35. a3 Ne4 36. axb4 cxb4 37. Rxe4 fxe4+ 38. Kxe4 a5 39. Kd4 g6 40. g4 h4 41. c5 dxc5+ 42. Kxc5 1-0

[Event "Early-Titled-Tuesday-Blitz-April-16-2024"]
[Site "Chess.com"]
[Date "2024.04.16"]
[Round "7"]
[White "GothamChess"]
[Black "BogdanDeac"]
[Result "0-1"]
[WhiteElo "2663"]
[BlackElo "3016"]
[TimeControl "180+1"]
[EndTime "9:20:50 PDT"]
[Termination "BogdanDeac won by checkmate"]

1. e4 c6 2. d4 d5 3. f3 Qb6 4.
Nc3 dxe4 5. fxe4 e5 6. Nf3 Bg4 7. Bc4 Bh5 8. g4 exd4 9. gxh5 dxc3 10. bxc3 Qc5 11. Qd3 Qxh5 12. Rb1 b6 13. Rb5 Bc5 14. Rg1 cxb5 15. Rg5 bxc4 16. Qf1 Qh6 17. Re5+ Ne7 18. Bxh6 gxh6 19. Nd4 Nd7 20. Rh5 O-O-O 21. Rxh6 Ng6 22. Qxc4 Nde5 23. Qa6+ Kb8 24. Rh5 Rd7 25. Nb5 Rhd8 26. Rf5 Rd1+ 27. Ke2 R8d2# 0-1

[Event "Early-Titled-Tuesday-Blitz-April-16-2024"]
[Site "Chess.com"]
[Date "2024.04.16"]
[Round "7"]
[White "vasblesk"]
[Black "karinachess1"]
[Result "1/2-1/2"]
[WhiteElo "2817"]
[BlackElo "2622"]
[TimeControl "180+1"]
[EndTime "9:20:50 PDT"]
[Termination "Game drawn by repetition"]

1. d4 Nf6 2. c4 e6 3. g3 d5 4. Bg2 dxc4 5. Nf3 Nc6 6. O-O Rb8 7. a4 a6 8. a5 Bb4 9. Na3 Bxa5 10. Nxc4 Bb4 11.
Bg5 O-O 12. e4 Be7 13. Qc2 Nxd4 14. Nxd4 Qxd4 15. Be3 Qd8 16. Rfd1 Qe8 17. Bf4 Bd8 18. Nb6 Bd7 19. Bxc7 Bxc7 20. Qxc7 Bc6 21. e5 Nd5 22. Nxd5 exd5 23. Bxd5 Rc8 24. Qb6 Qxe5 25. Bxc6 bxc6 26.
Rxa6 Rb8 27. Qxc6 Rxb2 28. Ra8 Rbb8 29. Ra7 h5 30. h4 Rb2 31. Qf3 Qe2 32. Qxe2 Rxe2 33.
Rd3 g6 34. Rf3 Re6 35. Kg2 Kg7 36. Rb7 Rf6 37. Re3 Rd8 38. Re2 Rd5 39. Rb8 Rdf5 40. f4 Rc5 41. Ree8 Rfc6 42. Re2 Rc2 43. Rb2 Rxe2+ 44. Rxe2 Kf6 45. Re5 Rc2+ 46. Kf3 Rc3+ 47. Kf2 Rc2+ 48. Kf3 Rc3+ 49. Kg2 Rc2+ 50. Kh3 Rc3 51.
Kg2 Rc2+ 1/2-1/2

[Event "Early-Titled-Tuesday-Blitz-April-16-2024"]
[Site "Chess.com"]
[Date "2024.04.16"]
[Round "7"]
[White "Vse_po_kaify"]
[Black "DvaHrasta"]
[Result "1-0"]
[WhiteElo "2601"]
[BlackElo "2470"]
[TimeControl "180+1"]
[EndTime "9:20:50 PDT"]
[Termination "Vse_po_kaify won on time"]

1. e4 c6 2. c4 d5 3. Nc3 d4 4. Nce2 e5 5. d3 Bb4+ 6. Bd2 Qa5 7. g3 Nf6 8. Bg2 Na6 9. h3 Nc5 10. Nc1 Bxd2+ 11. Qxd2 Qxd2+ 12. Kxd2 a5 13. f4 exf4 14. gxf4 Nh5 15. Nce2 f5 16. e5 Ne6 17. Rf1 Rg8 18. Bf3 Nhxf4 19. Nxf4 Nxf4 20. Bxc6+ bxc6 21. Rxf4 c5 22. h4 Ke7 23. Nh3 h6 24. Rg1 Ra6 25. h5 a4 26. Rf2 Bd7 27. Nf4 Kf7 28. Rfg2 Rb6 29. Kc1 Be8 30. Rg3 Ra6 31. Rg6 Rxg6 32. Rxg6 Ke7 33.
Nd5+ Kf8 34. Ra6 Bxh5 35. Ra8+ Be8 36. e6 g5 37. Nf6 Rg6 38. Nxe8 Ke7 39. Nc7 g4 40.
Re8+ Kd6 41. e7 g3 42. Nd5 g2 43. Rd8+ Ke5 44. e8=Q+ Re6 45. Qh8+ 1-0

[Event "Early-Titled-Tuesday-Blitz-April-16-2024"]
[Site "Chess.com"]
[Date "2024.04.16"]
[Round "7"]
[White "francyIM"]
[Black "Grossboss19"]
[Result "1/2-1/2"]
[WhiteElo "2805"]
[BlackElo "2609"]
[TimeControl "180+1"]
[EndTime "9:20:51 PDT"]
[Termination "Game drawn - insufficient material"]

1. d4 Nf6 2. c4 e6 3. Nc3 Bb4 4. Nf3 O-O 5. Bg5 d5 6. Rc1 c5 7. e3 h6 8. Bxf6 Qxf6 9. cxd5 Rd8 10. a3 Bxc3+ 11. Rxc3 cxd4 12. Qxd4 Qxd4 13. Nxd4 exd5 14. Bb5 Bd7 15. O-O Bxb5 16. Nxb5 Nc6 17. Rd1 Rd7 18.
Rcd3 Rad8 19. f4 Kf8 20. e4 d4 21. e5 f6 22. exf6 a6 23. fxg7+ Kg8 24. a4 axb5 25. axb5 Ne7 26. g4 Kxg7 27. Kf2 Rc8 28. Rxd4 Rc2+ 29.
Kg3 Rxd4 30. Rxd4 Rxb2 31. Rd7 Kf6 32. Rxb7 Nd5 33. f5 h5 34. h3 hxg4 35. hxg4 Nc3 36. b6 Nd5 37. Kh4 Rh2+ 38. Kg3 Rb2 39. Rb8 Rxb6 40. Rf8+ Kg7 41. Re8 Rb4 42. g5 Kf7 43. Ra8 Ne3 44. Ra5 Nxf5+ 45. Rxf5+ Kg6 46. Rf4 Rb1 47.
Rf2 Rg1+ 48. Rg2 Rxg2+ 49. Kxg2 Kxg5 1/2-1/2

[Event "Early-Titled-Tuesday-Blitz-April-16-2024"]
[Site "Chess.com"]
[Date "2024.04.16"]
[Round "7"]
[White "martinmena"]
[Black "Maftuna2303"]
[Result "0-1"]
[WhiteElo "2157"]
[BlackElo "2379"]
[TimeControl "180+1"]
[EndTime "9:20:51 PDT"]
[Termination "Maftuna2303 won by resignation"]

1. c4 Nf6 2. g3 e6 3. Bg2 c6 4.
Nf3 d5 5. O-O Be7 6. d4 O-O 7.
b3 b6 8. Qc2 Bb7 9. Nc3 Nbd7 10. Rd1 Rc8 11. e4 dxe4 12. Nxe4 Nxe4 13. Qxe4 Nf6 14.
Qc2 Qc7 15. Bf4 Bd6 16. Be5 Nd7 17. Ng5 g6 18. f4 Nxe5 19. dxe5 Be7 20. Ne4 Rfd8 21.
Qe2 c5 22. Nd6 Bxd6 23. exd6 Qd7 24. Rd3 Bxg2 25. Qxg2 Qc6 26. Qxc6 Rxc6 27. Rad1 Kf8 28. Kf2 Ke8 29. Ke3 Kd7 30. Ke4 f6 31. g4 Re8 32.
h4 e5 33. f5 Rg8 34. R3d2 a6 35. a4 Rb8 36. h5 gxh5 37. Rh1 Rxd6 38. Rxd6+ Kxd6 39. Rxh5 Rb7 40. Rh6 Rf7 41. g5 Ke7 42. g6 hxg6 43.
fxg6 Rg7 44. Rh7 Kf8 45. Kf5 Rxh7 46. gxh7 Kg7 47. a5 bxa5 48. h8=Q+ Kxh8 49. Kxf6 e4 50. Ke5 e3 51. Kd5 e2 52. Kxc5 e1=Q 53. Kb6 Qb4+ 54.
Kxa6 Qxb3 55. c5 a4 56. c6 a3 57. c7 Qc4+ 58. Kb7 a2 0-1

[Event "Early-Titled-Tuesday-Blitz-April-16-2024"]
[Site "Chess.com"]
[Date "2024.04.16"]
[Round "7"]
[White "dontcatchmeifyoucant"]
[Black "Louis-Paulsen-Fan"]
[Result "1-0"]
[WhiteElo "2184"]
[BlackElo "2350"]
[TimeControl "180+1"]
[EndTime "9:20:51 PDT"]
[Termination "dontcatchmeifyoucant won on time"]

1. e4 Nf6 2. e5 Nd5 3. d4 d6 4. Nf3 g6 5. Bc4 Nb6 6. Bb3 Bg7 7. Ng5 d5 8. f4 O-O 9. O-O f6 10.
Nf3 Be6 11. c3 Na6 12. Nbd2 c5 13. Re1 Qd7 14. Nf1 cxd4 15. cxd4 Rac8 16. Ne3 Rfd8 17.
Bc2 Nc4 18. b3 Nxe3 19. Bxe3 Bf5 20. Bxf5 Qxf5 21. Bd2 Qc2 22. Qe2 Qf5 23. Rac1 Bh6 24. Nh4 Qd7 25. f5 Bxd2 26. Qxd2 g5 27. e6 Qb5 28.
Nf3 h6 29. h4 Qb4 30. Qe3 Qd6 31. hxg5 hxg5 32. Nxg5 fxg5 33. Qxg5+ Kh7 34. Qh5+ Kg7 35. Qg6+ Kh8 36. f6 exf6 37. e7 1-0

[Event "Early-Titled-Tuesday-Blitz-April-16-2024"]
[Site "Chess.com"]
[Date "2024.04.16"]
[Round "7"]
[White "AnishOnYoutube"]
[Black "AlmasRakhmatullaev"]
[Result "1-0"]
[WhiteElo "3051"]
[BlackElo "2873"]
[TimeControl "180+1"]
[EndTime "9:20:52 PDT"]
[Termination "AnishOnYoutube won by checkmate"]

1. Nf3 d5 2. g3 c6 3. Bg2 Nf6 4. O-O g6 5. c4 Bg7 6. b3 Ne4 7. d4 O-O 8. Bb2 Bf5 9. e3 Nd6 10. Nbd2 Bd3 11. Re1 dxc4 12. Ne5 Bf5 13. bxc4 Be6 14.
c5 Nb5 15. Qc2 Na6 16. a4 Nb4 17. Qb1 Nc7 18. Ndf3 a5 19. Bc3 Nca6 20. h4 f6 21. Nd3 Nxd3 22. Qxd3 Nxc5 23. Qc2 Na6 24. Rab1 Qc7 25. e4 Rfc8 26. Bd2 Nb4 27. Bxb4 axb4 28. Rxb4 Bf7 29. Reb1 Ra7 30. Qb2 b6 31. h5 Rd8 32.
hxg6 hxg6 33. e5 Bd5 34. Rxb6 Rxa4 35. Rb7 Qc8 36. Rxe7 Qg4 37. Qb7 Bf8 38. exf6 Rda8 39.
Rg7+ Kh8 40. Rh7+ Kg8 41. Rh4 Qf5 42. Qh7# 1-0

[Event "Early-Titled-Tuesday-Blitz-April-16-2024"]
[Site "Chess.com"]
[Date "2024.04.16"]
[Round "7"]
[White "the_chess_child"]
[Black "Rud_Makarian"]
[Result "0-1"]
[WhiteElo "2831"]
[BlackElo "3023"]
[TimeControl "180+1"]
[EndTime "9:20:52 PDT"]
[Termination "Rud_Makarian won by checkmate"]

1. e4 c5 2. Nf3 d6 3. g3 Nf6 4. d3 Nc6 5. Bg2 g6 6. O-O Bg7 7. Re1 O-O 8. h3 e5 9. Nc3 h6 10. Nh2 Be6 11. Ng4 Nxg4 12. hxg4 Qd7 13. g5 hxg5 14.
Bxg5 f6 15. Bd2 Kf7 16. Nd5 Rh8 17. c3 Rh7 18. Ne3 Rah8 19. f4 Bh3 20. Bf3 Bh6 21.
Ng4 Bf8 22. Ne3 Ke8 23. Qe2 Kd8 24. Kf2 exf4 25. gxf4 g5 26. Rh1 gxf4 27. Nd5 Ne5 28. Bxf4 Bh6 29. Nxf6 Qe7 30. Bxe5 dxe5 31. Rxh3 Qxf6 32.
Rah1 Be3+ 33. Kg2 Qg5+ 34. Rg3 Rxh1 35. Rxg5 Rg1# 0-1

[Event "Early-Titled-Tuesday-Blitz-April-16-2024"]
[Site "Chess.com"]
[Date "2024.04.16"]
[Round "7"]
[White "ProtectiveCarrot"]
[Black "Zarinur"]
[Result "0-1"]
[WhiteElo "2308"]
[BlackElo "2509"]
[TimeControl "180+1"]
[EndTime "9:20:52 PDT"]
[Termination "Zarinur won on time"]

1. d4 Nf6 2. c4 e6 3. Nc3 Bb4 4. e3 O-O 5. Bd2 c5 6. a3 Bxc3 7.
Bxc3 d6 8. Bd3 Nc6 9. Nf3 Qe7 10. O-O e5 11. d5 Nb8 12. Nd2 Re8 13. b4 Nbd7 14.
Kh1 Nf8 15. f4 b6 16. fxe5 dxe5 17. e4 Ng6 18. g3 h5 19. Qe1 Bh3 20. Rg1 Ng4 21. Nf3 Qf6 22. Qe2 h4 23. Bd2 hxg3 24. Rxg3 Nf4 25. Bxf4 exf4 26. Rxh3 Qxa1+ 27. Kg2 Ne5 28. Ng5 g6 29. Qf2 f3+ 0-1

[Event "Early-Titled-Tuesday-Blitz-April-16-2024"]
[Site "Chess.com"]
[Date "2024.04.16"]
[Round "7"]
[White "carloseduar100"]
[Black "WiktoriaPOL"]
[Result "1-0"]
[WhiteElo "2250"]
[BlackElo "2378"]
[TimeControl "180+1"]
[EndTime "9:20:52 PDT"]
[Termination "carloseduar100 won on time"]

1. d4 Nf6 2. Bg5 c5 3. d5 Qb6 4. Nc3 Qxb2 5. Bd2 Qb6 6. e4 d6 7. f4 Nbd7 8. Nf3 a6 9. e5 dxe5 10. fxe5 Ng4 11. d6 Ngxe5 12. dxe7 Bxe7 13. Nxe5 Nxe5 14. Qh5 Qe6 15. O-O-O O-O 16. Re1 Bf6 17. Ne4 Qxa2 18. Nxf6+ gxf6 19. Bc3 Qa3+ 20. Bb2 Qb4 21. Rxe5 Qg4 22.
Qxg4+ Bxg4 23. Rxc5 f5 24. Bd3 Rfc8 25. Rxc8+ Rxc8 26. h3 Bh5 27. Bxf5 Rc6 28. Re1 Kf8 29. Ba3+ Kg7 30. Bb2+ Kf8 31. g4 Bg6 32. Bxg6 Rxg6 33. Ba3+ Kg7 34. Re7 b5 35. Bb2+ Kf8 36. Ra7 Rc6 37. g5 h6 38. h4 hxg5 39. hxg5 Rg6 40. Bf6 1-0

[Event "Early-Titled-Tuesday-Blitz-April-16-2024"]
[Site "Chess.com"]
[Date "2024.04.16"]
[Round "7"]
[White "diamonds13"]
[Black "WilsonPalencia21"]
[Result "0-1"]
[WhiteElo "2337"]
[BlackElo "2581"]
[TimeControl "180+1"]
[EndTime "9:20:53 PDT"]
[Termination "WilsonPalencia21 won by resignation"]

1. d4 Nf6 2. c4 c5 3. d5 e6 4. Nc3 exd5 5. cxd5 d6 6. Bf4 g6 7. e3 a6 8. a4 Nh5 9. h3 Nxf4 10.
exf4 Qe7+ 11. Qe2 Qxe2+ 12. Bxe2 f5 13. Nf3 Bh6 14. Ng5 Bxg5 15. fxg5 Kf7 16. O-O-O Nd7 17. f4 Re8 18. Bf3 Rb8 19. g4 Nf8 20. gxf5 Bxf5 21.
Bg4 b5 22. Bxf5 gxf5 23. h4 Ng6 24. h5 Nxf4 25. Rhf1 Nxh5 26. Rxf5+ Kg6 27. Rdf1 b4 28. Nd1 Re5 29. Rxe5 dxe5 30. Ne3 Nf4 31. Kd2 Nxd5 32. Nxd5 Rd8 33. Rf6+ Kxg5 34. Rxa6 Rxd5+ 35. Ke3 h5 36. Ra8 c4 37. Ke4 Rd2 38. Kxe5 Rxb2 39. Rg8+ Kh4 40. a5 c3 41. Rc8 Ra2 42. Rc4+ Kg3 43.
Rxb4 Rxa5+ 44. Kf6 c2 45. Rc4 Ra2 46. Kg5 Kf3 47. Kxh5 Ke3 48. Rc8 Kd3 49. Rd8+ Kc3 50. Rc8+ Kb2 51. Rb8+ Ka1 52. Rc8 Kb1 53. Rb8+ Rb2 0-1

[Event "Early-Titled-Tuesday-Blitz-April-16-2024"]
[Site "Chess.com"]
[Date "2024.04.16"]
[Round "7"]
[White "David_George21"]
[Black "masterofpuppets2"]
[Result "0-1"]
[WhiteElo "2314"]
[BlackElo "2468"]
[TimeControl "180+1"]
[EndTime "9:20:53 PDT"]
[Termination "masterofpuppets2 won by resignation"]

1. e4 e5 2. Nf3 Nc6 3. Bb5 a6 4. Ba4 Nf6 5. O-O d6 6. d4 b5 7. Bb3 Nxd4 8. Nxd4 exd4 9. a4 Rb8 10. axb5 axb5 11. Bg5 Be7 12. Qxd4 O-O 13. c3 c5 14. Qe3 Be6 15. Bc2 h6 16. Bh4 Ng4 17. Bxe7 Qxe7 18. Qg3 Nf6 19. Nd2 Ra8 20. f4 Bd7 21. Rfe1 Rxa1 22.
Rxa1 Bc6 23. Qe3 Nd5 24. Qf2 Nf6 25. Re1 Re8 26. h3 Qc7 27. e5 dxe5 28. Qxc5 exf4 29. Rxe8+ Nxe8 30. Qf5 Nf6 31. Qxf4 Qxf4 0-1

[Event "Early-Titled-Tuesday-Blitz-April-16-2024"]
[Site "Chess.com"]
[Date "2024.04.16"]
[Round "7"]
[White "janhelmer03"]
[Black "PawnEatingZombie"]
[Result "0-1"]
[WhiteElo "2403"]
[BlackElo "2261"]
[TimeControl "180+1"]
[EndTime "9:20:53 PDT"]
[Termination "PawnEatingZombie won on time"]

1. Nf3 Nf6 2. c4 g6 3. Nc3 Bg7 4. e4 d6 5. d4 O-O 6. Be2 e5 7. O-O exd4 8. Nxd4 Re8 9. f3 c6 10.
Nc2 Na6 11. Be3 Nc7 12. Qd2 d5 13. cxd5 cxd5 14. Rad1 Be6 15. exd5 Nfxd5 16. Nxd5 Nxd5 17. Bd4 Bxd4+ 18. Nxd4 Qb6 19. Kh1 Bd7 20. Rfe1 Ne3 21. Rc1 Rad8 22. Qc3 Bh3 23. Bf1 Nxf1 24. Rxe8+ Rxe8 25. Rxf1 Rd8 26. Rd1 Be6 27. h3 Bxa2 28. Qe3 Be6 29. Rd2 Rd5 30. f4 h5 31. f5 Bxf5 32.
Nxf5 Rxf5 0-1